 Dungeon Crawl Stone Soup version 0.27.0-65-ge2af304b15 (webtiles) character file.

Game seed: 260982459499992437

16810 BOMJPIETVODKU the Grappler (level 12, -1/92 (115) HPs)
             Began as a Purple Draconian Transmuter on Aug 19, 2021.
             Was a High Priest of Cheibriados.
             Slain by an orc warlord (4 damage)
             ... on level 1 of the Orcish Mines.
             The game lasted 01:06:23 (13318 turns).

BOMJPIETVODKU the Grappler (DrTm)                  Turns: 13318, Time: 01:06:26

HP:   -1/92 (115)   AC: 10    Str: 29    XL:     12   Next: 13%
MP:   11/22         EV: 17    Int: 40    God:    Cheibriados [*****.]
Gold: 559           SH:  0    Dex: 28    Spells: 7/25 levels left

rFire    . . .     SeeInvis +     - Unarmed
rCold    . . .     Faith    .   (no shield)
rNeg     + . .     Spirit   .   (armour unavailable)
rPois    +         Reflect  .   (helmet restricted)
rElec    .         Harm     .   (no cloak)
rCorr    .         Rampage  .   B - +0 pair of gloves "Dofiujud" {+Inv rN+ Will+ Str+3 SInv}
Will     +++..     NoTele   +   F - +0 pair of boots of the Tick {-Tele rPois Int+10 Dex+5}
Stlth    ++........             j - amulet of Vitality {Regen+ HP+15}
HPRegen  1.25/turn              r - ring of poison resistance
MPRegen  0.18/turn              t - ring of willpower

@: flying, heavily drained, very slow
A: breathe power, AC +8, unfitting armour, cold-blooded
a: Breathe Dispelling Energy, Renounce Religion, Evoke Invisibility, Bend Time,
Temporal Distortion, Slouch, Step From Time


You were on level 1 of the Orcish Mines.
You worshipped Cheibriados.
Cheibriados was extremely pleased with you.
You visited 3 branches of the dungeon, and saw 14 of its levels.

You collected 2269 gold pieces.
You spent 1710 gold pieces at shops.

Inventory:

Missiles
 h - 50 poisoned darts
Armour
 B - the +0 pair of gloves "Dofiujud" (worn) {+Inv rN+ Will+ Str+3 SInv}
   (You bought it in a shop on level 7 of the Dungeon)

   Str:       It affects your strength (+3).
   rN:        It protects you from negative energy.
   SInv:      It lets you see invisible.
   +Inv:      It lets you turn invisible.
   Will:      It increases your willpower.
 F - the +0 pair of boots of the Tick (worn) {-Tele rPois Int+10 Dex+5}
   (You bought it in a shop on level 7 of the Dungeon)

   Int:       It affects your intelligence (+10).
   Dex:       It affects your dexterity (+5).
   rPois:     It protects you from poison.
   -Tele:     It prevents most forms of teleportation.
Jewellery
 j - the amulet of Vitality (around neck) {Regen+ HP+15}
   (You bought it in a shop on level 2 of the Dungeon)

   [amulet of regeneration]

   HP:        It affects your health (+15).
   Regen:     It increases your rate of health regeneration.
 l - the ring "Zepsugg" {Fly Will- Int+3 Dex+4 SInv}
   (You bought it in a shop on level 4 of the Dungeon)

   [ring of flight]

   Int:       It affects your intelligence (+3).
   Dex:       It affects your dexterity (+4).
   SInv:      It lets you see invisible.
   Fly:       It grants you flight.
   Will:      It decreases your willpower.
 n - a ring of positive energy
 r - a ring of poison resistance (left hand)
 t - a ring of willpower (right hand)
 z - an amulet of guardian spirit
 G - a +6 ring of strength
Wands
 d - a wand of flame (35)
 q - a wand of paralysis (7)
 u - a wand of iceblast (23)
 y - a wand of polymorph (12)
 E - a wand of mindburst (9)
Scrolls
 a - 2 scrolls of magic mapping
 c - 2 scrolls of enchant weapon
 f - 2 scrolls of silence
 k - 3 scrolls of teleportation
 m - 2 scrolls of brand weapon
 o - 4 scrolls of fear
 A - a scroll of immolation
 C - a scroll of vulnerability {unknown}
 D - 2 scrolls of torment {unknown}
 H - 2 scrolls of acquirement
 I - a scroll of noise {unknown}
 J - a scroll of summoning {unknown}
Potions
 b - 2 potions of lignification
 g - 3 potions of curing
 i - 3 potions of haste
 p - 2 potions of attraction
 v - a potion of might
 x - a potion of brilliance


   Skills:
 - Level 7.6 Fighting
 - Level 5.5 Dodging
 - Level 10.0 Unarmed Combat
 - Level 7.0 Spellcasting
 - Level 7.0 Conjurations
 - Level 5.0 Transmutations
 * Level 9.5 Fire Magic
 - Level 6.0 Poison Magic


You had 7 spell levels left.
You knew the following spells:

 Your Spells              Type           Power      Damage    Failure   Level
a - Beastly Appendage     Tmut           100%       N/A       1%          1
b - Wereblood             Tmut           52%        N/A       1%          2
c - Spider Form           Tmut/Pois      27%        N/A       1%          3
d - Olgreb's Toxic Radia  Pois           58%        N/A       1%          4
e - Blink                 Tloc           N/A        N/A       3%          2
f - Starburst             Conj/Fire      34%        6d10      12%         6

Your spell library contained the following spells:

 Spells                   Type           Power      Damage    Failure   Level
 Sting                    Tmut/Pois      100%       1d8       1%          1
 Poisonous Vapours        Pois/Air       76%        N/A       1%          2
 Dazzling Flash           Conj/Hex       84%        N/A       1%          3
 Summon Small Mammal      Summ           56%        N/A       2%          1
 Iskenderun's Mystic Bla  Conj/Tloc      42%        2d10      5%          4
 Call Canine Familiar     Summ           14%        N/A       7%          3
 Lesser Beckoning         Tloc           7%         N/A       7%          3
 Portal Projectile        Hex/Tloc       28%        N/A       7%          3
 Summon Guardian Golem    Hex/Summ       14%        N/A       7%          3
 Ice Form                 Ice/Tmut       34%        N/A       9%          4
 Blade Hands              Tmut           26%        N/A       9%          5
 Excruciating Wounds      Necr           7%         N/A       54%         5
 Manifold Assault         Tloc           14%        N/A       54%         5
 Borgnjor's Revivificati  Necr           7%         N/A       100%        8
 Necromutation            Tmut/Necr      17%        N/A       100%        8
 Death's Door             Necr           7%         N/A       100%        9


Dungeon Overview and Level Annotations

Branches:
Dungeon (12/15)            Temple (1/1) D:7            Lair (0/6) D:11
    Orc (1/2) D:12

Altars:
Ashenzari
Cheibriados
Dithmenos
Elyvilon
Fedhas
Gozag
Hepliaklqana
Kikubaaqudgha
Makhleb
Nemelex Xobeh
Okawaru
Qazlal
Ru
Sif Muna
Trog
Uskayaw
Vehumet
Wu Jian
Xom
Yredelemnul
Zin
The Shining One

Shops:
D:2 =   D:4 *   D:7 [


Innate Abilities, Weirdness & Mutations

You can breathe bolts of dispelling energy.
Your rich purple scales are hard. (AC +8)
You cannot fit into any form of body armour.
You are cold-blooded and may be slowed by cold attacks.


Message History

The orc warlord is lightly wounded.
The orc is poisoned.
You barely miss the orc warlord. You punch the orc warlord.
The orc warlord is lightly wounded.
The orc warlord looks even sicker.
The orc looks even sicker.
The orc warlord hits you with a +2 great mace of draining!!
You partially resist.
You feel drained.
You completely miss the orc warlord.
The orc warlord is lightly wounded.
The orc warlord looks as sick as possible!
You kill the orc!
Cheibriados thoroughly appreciates the change of pace.
The orc warlord hits you with a +2 great mace of draining.
You partially resist.
You feel drained.
You punch the orc warlord!
The orc warlord is moderately wounded.
The orc warlord closely misses you.
You closely miss the orc warlord. You punch the orc warlord.
The orc warlord is moderately wounded.
Your toxic aura wanes.
The orc warlord hits you with a +2 great mace of draining!
You partially resist.
You feel drained.
Unknown command.
You feel much better. The orc warlord barely misses you.
Okay, then.
Okay, then.
You hit the orc warlord but do no damage.
The orc warlord is moderately wounded.
You punch the orc warlord!
The orc warlord is heavily wounded.
The orc warlord hits you with a +2 great mace of draining!!
You partially resist.
You feel drained.
Your magical contamination has completely faded away.
You hit the orc warlord but do no damage.
You tail-slap the orc warlord, but do no damage.
The orc warlord is heavily wounded.
The orc warlord hits you with a +2 great mace of draining!!
* * * LOW HITPOINT WARNING * * *
You partially resist.
You feel drained.
You die...

......≈#..)..#≈# ####............
.......'...).#≈# #.........>...
.......))..[.#≈#####..)..........
..#....))....#≈##....)).........#
.#....≈#..)).#≈#.......).........
#.....≈#######≈##..).).).........
##.##.≈≈≈≈≈≈≈≈≈.#....)...#......#
#......#######..o))))).).#...#...
##.##.## #..@)).))#...#..#...
###### #....).).#..#...o...
##..)#..))......#...
#...#......#...##...
##.##.....#o.....#.#
###.........#....##
#........#....## #........##..##
#...#....######


You could see an orc warlord (very poisoned).

Vanquished Creatures
  An orc warlord (Orc:1)
  A boulder beetle (D:11)
  5 two-headed ogres
  An orc knight (Orc:1)
  An orc sorcerer (Orc:1)
  2 ugly things (D:12)
  3 cyclopes (D:12)
  A gargoyle (D:12)
  An unseen horror (D:12)
  A troll (D:11)
  Grinder (D:5)
  A shadow (D:10)
  A vampire (D:12)
  A tarantella (shapeshifter) (D:10)
  A wyvern (D:11)
  A wraith (D:11)
  5 yaks (D:10)
  Menkaure (D:7)
  3 wargs
  An acid dragon (D:12)
  2 water moccasins
  Duvessa (D:5)
  14 orc warriors
  An ice beast (D:7)
  A necrophage (D:6)
  A hornet zombie (D:6)
  2 sky beasts
  A black bear (D:5)
  2 ogres (Orc:1)
  10 centaurs
  A phantom (D:4)
  4 bullfrogs
  Dowan (D:4)
  A water moccasin zombie (D:5)
  4 scorpions
  A wyvern zombie (D:6)
  A water moccasin skeleton (D:4)
  4 wights (D:8)
  8 howler monkeys
  3 centaur zombies
  3 bullfrog zombies
  3 jellies
  4 hounds (D:4)
  8 orc priests
  2 bullfrog skeletons
  A centaur skeleton (D:7)
  Jessica (D:2)
  2 iguanas
  21 orc wizards
  2 killer bee zombies
  2 howler monkey zombies (D:5)
  6 adders
  2 shadow imps
  2 ufetubi
  A worm (D:3)
  69 orcs
  11 endoplasms
  5 giant cockroaches
  9 goblins
  7 hobgoblins
  9 jackals
  6 kobolds
  4 quokkas
  8 ball pythons
  6 bats
  2 frilled lizards (D:2)
  6 rats
298 creatures vanquished.

Notes
Turn   | Place    | Note
-------+----------+-------------------------------------------
     0 | D:1      | BOMJPIETVODKU the Draconian Transmuter began the quest for
                  | the Orb.
     0 | D:1      | Reached XP level 1. HP: 16/16 MP: 3/3
    13 | D:1      | Found a white marble altar of Elyvilon.
   272 | D:1      | Reached XP level 2. HP: 19/23 MP: 3/5
   849 | D:1      | Reached XP level 3. HP: 19/28 MP: 6/6
  1167 | D:1      | Learned a level 2 spell: Wereblood
  1494 | D:2      | Found a faded altar of an unknown god.
  1663 | D:2      | Identified a scroll of acquirement
  1663 | D:2      | Acquired 1274 gold pieces
  1696 | D:2      | Reached skill level 4 in Unarmed Combat
  2104 | D:2      | Noticed Jessica
  2115 | D:2      | HP: 1/29 [Jessica (5)]
  2116 | D:2      | Killed Jessica
  2117 | D:2      | Reached XP level 4. HP: 6/36 MP: 4/7
  2741 | D:2      | Found Jucyjamu's Jewellery Shop.
  2758 | D:2      | Bought the amulet of Vitality {Regen+ HP+15} for 948 gold
                  | pieces
  2758 | D:2      | Found the amulet of Vitality {Regen+ HP+15}
  3353 | D:3      | Reached XP level 5. HP: 41/41 MP: 6/8
  4054 | D:4      | Reached skill level 5 in Unarmed Combat
  4114 | D:4      | Reached XP level 6. HP: 50/50 MP: 8/10
  4237 | D:4      | Found Uruaveumill's Assorted Antiques.
  4247 | D:4      | Bought a brightly glowing turquoise ring for 110 gold
                  | pieces
  4247 | D:4      | Identified the ring "Zepsugg" {Fly Will- Int+3 Dex+4 SInv}
                  | (You bought it in a shop on level 4 of the Dungeon)
  4247 | D:4      | Bought a scroll labelled RUCZEETYTUO for 22 gold pieces
  4247 | D:4      | Bought a scroll labelled GEPROAS OSOC for 22 gold pieces
  4896 | D:5      | Entered Level 5 of the Dungeon
  4930 | D:5      | Reached skill level 1 in Poison Magic
  4959 | D:5      | Your scales start taking on a rich purple colour.
  4959 | D:5      | Reached XP level 7. HP: 57/57 MP: 10/13
  4987 | D:5      | Noticed Grinder
  4995 | D:5      | Paralysed by Grinder for 4 turns
  5027 | D:5      | Killed Grinder
  5167 | D:5      | Reached skill level 6 in Unarmed Combat
  5213 | D:5      | Noticed Duvessa
  5214 | D:5      | Noticed Dowan
  5341 | D:5      | Killed Duvessa
  5342 | D:5      | Reached XP level 8. HP: 47/66 MP: 11/15
  5356 | D:4      | Killed Dowan
  5600 | D:5      | Found a sparkling altar of Nemelex Xobeh.
  5600 | D:5      | Found a shimmering blue altar of Sif Muna.
  5602 | D:5      | Found a shimmering altar of Xom.
  5625 | D:5      | Found a broken altar of Ashenzari.
  5712 | D:5      | Reached skill level 5 in Spellcasting
  5990 | D:6      | Identified the +1 robe of Doomed Contentment {Int+8}
  6086 | D:6      | Reached skill level 5 in Fighting
  6124 | D:6      | Reached skill level 7 in Unarmed Combat
  6133 | D:6      | Learned a level 3 spell: Spider Form
  6252 | D:6      | Reached XP level 9. HP: 74/74 MP: 13/17
  6957 | D:7      | Reached skill level 5 in Transmutations
  6971 | D:7      | Found a staircase to the Ecumenical Temple.
  6979 | Temple   | Entered the Ecumenical Temple
  7189 | Temple   | Became a worshipper of Cheibriados the Contemplative
  7331 | D:7      | Found Payr Pak's Antique Armour Shoppe.
  7351 | D:7      | Bought a pair of faintly humming gloves for 304 gold pieces
  7351 | D:7      | Identified the +0 pair of gloves "Dofiujud" {+Inv rN+ Will+
                  | Str+3 SInv} (You bought it in a shop on level 7 of the
                  | Dungeon)
  7568 | D:7      | Noticed Menkaure
  7572 | D:7      | Killed Menkaure
  7776 | D:7      | Found a blossoming altar of Fedhas.
  7779 | D:7      | Found a basalt altar of Yredelemnul.
  7782 | D:7      | Found a glowing golden altar of the Shining One.
  7785 | D:7      | Found a shadowy altar of Dithmenos.
  7839 | D:7      | Learned a level 4 spell: Olgreb's Toxic Radiance
  8005 | D:8      | Noticed a two-headed ogre
  8017 | D:8      | Killed a two-headed ogre
  8018 | D:8      | Reached skill level 5 in Dodging
  8018 | D:8      | Reached skill level 8 in Unarmed Combat
  8360 | D:8      | Reached * piety under Cheibriados
  8535 | D:8      | Reached XP level 10. HP: 84/84 MP: 11/20
  8635 | D:8      | Reached skill level 5 in Poison Magic
  9114 | D:9      | Found a sacrificial altar of Ru.
  9387 | D:9      | Found a radiant altar of Vehumet.
  9560 | D:7      | Bought a pair of faintly humming boots for 304 gold pieces
  9560 | D:7      | Identified the +0 pair of boots of the Tick {-Tele rPois
                  | Int+10 Dex+5} (You bought it in a shop on level 7 of the
                  | Dungeon)
  9645 | D:10     | Entered Level 10 of the Dungeon
  9711 | D:9      | Reached ** piety under Cheibriados
 10004 | D:10     | Reached skill level 1 in Fire Magic
 10038 | D:10     | Reached skill level 9 in Unarmed Combat
 10099 | D:10     | Noticed a two-headed ogre
 10111 | D:10     | Killed a two-headed ogre
 10336 | D:10     | Reached skill level 10 in Unarmed Combat
 10609 | D:11     | Noticed a boulder beetle
 10617 | D:11     | Killed a boulder beetle
 10865 | D:11     | Reached skill level 5 in Fire Magic
 10899 | D:11     | Reached XP level 11. HP: 92/92 MP: 1/21
 10902 | D:11     | Reached *** piety under Cheibriados
 10910 | D:11     | Found a staircase to the Lair.
 11085 | D:11     | Identified the +0 scale mail "Gifipic" {rC+ Dex+3 SInv}
 11440 | D:12     | Found a staircase to the Orcish Mines.
 11440 | D:12     | Noticed a cyan ugly thing
 11448 | D:12     | Killed a cyan ugly thing
 11526 | D:12     | Reached skill level 1 in Conjurations
 11710 | D:12     | Noticed a two-headed ogre
 11722 | D:12     | Killed a two-headed ogre
 11828 | D:12     | Noticed a two-headed ogre
 11837 | D:12     | Killed a two-headed ogre
 12051 | D:12     | Noticed a purple ugly thing
 12059 | D:12     | Killed a purple ugly thing
 12247 | D:12     | Reached skill level 5 in Conjurations
 12291 | D:12     | Noticed an eight-headed hydra
 12355 | D:12     | Learned a level 2 spell: Blink
 12416 | D:12     | Reached **** piety under Cheibriados
 12459 | Orc:1    | Entered Level 1 of the Orcish Mines
 12886 | Orc:1    | Noticed an orc sorcerer
 12888 | Orc:1    | Noticed a two-headed ogre
 12892 | Orc:1    | Killed an orc sorcerer
 12892 | Orc:1    | Noticed an orc warlord
 12896 | Orc:1    | Reached ***** piety under Cheibriados
 12896 | Orc:1    | Noticed an orc knight
 12897 | Orc:1    | Killed a two-headed ogre
 12905 | Orc:1    | Killed an orc warlord
 12906 | Orc:1    | Reached XP level 12. HP: 81/100 MP: 2/22
 13020 | Orc:1    | Learned a level 6 spell: Starburst
 13117 | Orc:1    | Noticed an orc warlord
 13318 | Orc:1    | HP: 3/95 [orc warlord (31)]
 13318 | Orc:1    | Slain by an orc warlord

Illustrated notes

Levels and vault maps discovered:
D:1:      sevenhm_arrival_forest_fort_small_6, layout_basic
D:2:      minmay_thinvault, layout_basic, serial_shops, nicolae_shop_stone,
          hellmonk_ecumenical_altar_zigzags, uniq_jessica
D:3:      layout_loops_ring
D:4:      layout_gridville, serial_shops, shop
D:5:      layout_cave_pools, nicolae_overflow_quartered_altars,
          kennysheep_generic_room_8, uniq_grinder, uniq_duvessa
D:6:      layout_basic, kennysheep_generic_room_14
D:7:      layout_basic, grunt_temple_overflow_cloverleaf,
          minmay_temple_entry_glassed_door, serial_shops, shop,
          hellmonk_bongcloud_opening, uniq_menkaure
D:8:      layout_basic
D:9:      layout_rooms, mainiacjoe_overflow_catch_the_wave
D:10:     layout_gridville
D:11:     layout_loops_ring, erik_lair_orcish_takeover
D:12:     minmay_inner_zag, layout_cave_pools
Temple:   minmay_temple_bridge_abc
Orc:1:    layout_caves, minmay_orc_keep

Skill      XL: |  1  2  3  4  5  6  7  8  9 10 11 12 |
---------------+-------------------------------------+-----
Unarmed Combat | 4 5 6 7 8 10 | 10.0
Dodging        | 2 3 4 5 |  5.5
Fighting       | 2 3 4 5 6 7 |  7.6
Spellcasting   | 3 4 5 6 7 |  7.0
Transmutations | 3 4 5 |  5.0
Poison Magic   | 1 3 4 6 |  6.0
Fire Magic     | 5 9 |  9.5
Conjurations   | 6 7 |  7.0

Action                   |  1- 3 |  4- 6 |  7- 9 | 10-12 || total
-------------------------+-------+-------+-------+-------++-------
Melee: Unarmed           |   126 |   164 |   360 |   226 ||   876
       Kick              |    16 |    30 |    72 |    32 ||   150
       Tailslap          |    11 |    15 |    46 |    45 ||   117
       Headbutt          |     9 |    16 |    62 |    17 ||   104
       Punch             |     1 |     1 |    10 |    15 ||    27
 Cast: Beastly Appendage |    38 |    29 |    44 |    15 ||   126
       Wereblood         |     9 |     6 |    18 |     8 ||    41
       Spider Form       |       |       |     1 |       ||     1
       Olgreb's Toxic Ra |       |       |    10 |    60 ||    70
       Starburst         |       |       |       |     3 ||     3
 Abil: Breathe Dispellin |       |       |     1 |       ||     1
Evoke: Wand              |       |       |       |     5 ||     5
  Use: Scroll            |     6 |     4 |     3 |    10 ||    23
       Potion            |       |     1 |       |     3 ||     4
 Stab: Sleeping          |     1 |       |       |     2 ||     3
       Distracted        |       |       |       |     1 ||     1
Armor: Skin              |    31 |    36 |   154 |    65 ||   286
Dodge: Dodged            |    95 |    89 |   329 |   190 ||   703
